 Dungeon Crawl Stone Soup version 0.31-a0-1159-g800acc2fd1 (webtiles) character file.

Game seed: 17233091820391099749

222 James the Ruffian (level 5, -14/33 HPs)
             Began as an Octopode Shapeshifter on Dec 8, 2023.
             Killed from afar by Blork the orc (21 damage)
             ... with a puff of frost
             ... on level 4 of the Dungeon.
             The game lasted 00:06:26 (2916 turns).

James the Ruffian (Octopode Shapeshifter)           Turns: 2916, Time: 00:06:26

Health: -14/33     AC:  1    Str: 13    XL:     5   Next: 99%
Magic:  14/14      EV: 13    Int: 13    God:
Gold:   177        SH:  0    Dex: 11    Spells: 4/4 levels left

rFire   . .          .
                       - Unarmed
rCold   x . .        (no shield)
rNeg    . . .        (helmet currently unavailable)
rPois   .            (no amulet)
rElec   .            i - ring of magical power
rCorr   +            o - ring of resist corrosion
SInv    .            (no ring)
Will    .....        (no ring)
Stlth   ++           (no ring)
HPRegen 0.25/turn    (no ring)
MPRegen 0.14/turn    (no ring)
                     (no ring)

%: no passive effects
@: beast-form
A: beast (slay +2), almost no armour, amphibious, 8 rings, camouflage 1,
gelatinous body 1, (nimble swimmer 1), tentacles, weak 1, cold vulnerability 1,
noise suppression
a: Begin Untransformation


You were on level 4 of the Dungeon.
You were a hulking beast.
You visited 1 branch of the dungeon, and saw 4 of its levels.

You collected 177 gold pieces.

Inventory:

Missiles
 f - 3 boomerangs (quivered)
 k - 55 stones
Magical Staves
 l - a staff of fire
   (You found it on level 1 of the Dungeon)
Jewellery
 i - a ring of magical power (left tentacle)
   (You found it on level 1 of the Dungeon)
 o - a ring of resist corrosion (right tentacle)
   (You found it on level 1 of the Dungeon)
Talismans
 b - a beast talisman
 c - a flux talisman
 q - a serpent talisman
   (You found it on level 2 of the Dungeon)
 y - a blade talisman
   (You found it on level 4 of the Dungeon)
Scrolls
 d - a scroll of teleportation {unknown}
 g - 5 scrolls of identify {unknown}
 h - 3 scrolls of silence {unknown}
 j - 4 scrolls of revelation {unknown}
 m - 2 scrolls of fear {unknown}
 p - 2 scrolls of blinking {unknown}
 s - a scroll of enchant weapon {unknown}
 t - 3 scrolls of fog {unknown}
 v - 2 scrolls of noise {unknown}
 x - a scroll of brand weapon {unknown}
Potions
 a - 2 potions of lignification {!q}
 e - 2 potions of mutation {!q}
 n - a potion of invisibility {unknown}
 r - a potion of attraction {unknown}
 u - a potion of cancellation {unknown}
 w - a potion of degeneration {unknown}
 z - a potion of heal wounds {unknown}


   Skills:
 - Level 1.0 Fighting
 - Level 2.0 Dodging
 - Level 5.0 Unarmed Combat
 + Level 4.7 Shapeshifting


You had 4 spell levels left.
You didn't know any spells.
Your spell library contained the following spells:

 Spells                   Type           Power      Damage    Failure   Level
 Shock                    Conj/Air       0%         1d3       30%         1
 Swiftness                Air            0%         N/A       67%         3
 Airstrike                Air            0%         2d(0-16)  97%         4


Dungeon Overview and Level Annotations

Branches:
Dungeon (4/15)
 Temple: D:4-7

Altars:

Annotations:
D:3 1 runed translucent door, Crazy Yiuf
D:4 Blork the orc


Innate Abilities, Weirdness & Mutations

You are a hulking beast.
Your limbs bulge with bestial killing power. (Slay +2)
You cannot wear most types of armour.
You are amphibious.
You can wear up to eight rings at the same time.
Your skin changes colour to match your surroundings (Stealth+).
Your rubbery body absorbs attacks. (AC +1, EV +1)
((You are camouflaged when in or above water. (Stealth+)))
You have tentacles for arms and can constrict up to eight enemies at once.
You are weak. (Str -2)
You are vulnerable to cold. (rC-)
You passively dampen the noise of your surroundings.


Message History

Found a glowing mace.
You now have 177 gold pieces (gained 7).
Found a potion of lignification.
Found a stone staircase leading down.
You see here a +1 mace of protection.
a - 2 potions of lignification {!q} (gained 1) As you open the door, it creaks loudly!
You open the door.
Found a purple potion.
There is an open door here.
z - a purple potion You open the door.
Found a stone staircase leading down.
There is an open door here.
Found a stone staircase leading down.
A kobold comes into view. It is wielding a +0 short sword.
A kobold is nearby!
There is a stone staircase leading down here.
The helpless kobold fails to defend itself.
You bludgeon the kobold!
You kill the kobold!
No target in view!
No target in view!
k - 55 stones (gained 4)
You see here a +0 short sword.
As you open the door, it creaks loudly!
Blork the orc comes into view.
He is wielding a +1 war axe of flaming.
There is an open door here.
Blork the orc shouts!
Blork the orc mumbles some strange words.
Blork the orc seems to speed up.
Blork the orc hits you with a +1 war axe of flaming!
Blork the orc burns you.
* * * LOW HITPOINT WARNING * * *
You tentacle-slap Blork the orc. Your grab misses Blork the orc.
You squeeze Blork the orc!
Blork the orc hits you with a +1 war axe of flaming.
* * * LOW HITPOINT WARNING * * *
Blork the orc burns you.
* * * LOW HITPOINT WARNING * * *
Okay, then.
Unknown command.
You tentacle-slap Blork the orc. You grab Blork the orc.
You constrict Blork the orc. Blork the orc barely misses you.
You tentacle-slap Blork the orc. You constrict Blork the orc.
Blork the orc barely misses you. Blork the orc casts a spell at you.
The puff of frost hits you!!
You feel a terrible chill!
Ouch! That really hurt!
You die...

######## #....#.#######
#....#.......# #...
#....'.......# #....
#....#.......# ....
#....##..##..# ...###
#...).#.h# #....
#....>#.o....# #....
#.....#......# #....
#.....#......# #....
#.....#......# #....
#.....###########+###....
#####....................
#.>..................
#....................


You could see Blork the orc (fast).

Vanquished Creatures
  A scorpion (D:4)
  A howler monkey (D:4)
  Robin (D:2)
  4 gnolls (D:3)
  2 worms (D:2)
  2 orcs (D:4)
  5 ball pythons
  5 bats
  7 endoplasms
  5 giant cockroaches
  13 goblins
  4 hobgoblins
  A quokka (D:1)
  4 frilled lizards
  8 kobolds
  6 rats
69 creatures vanquished.

Notes
Turn   | Place    | Note
-------+----------+-------------------------------------------
     0 | D:1      | James the Octopode Shapeshifter began the quest for the
                  | Orb.
     0 | D:1      | Reached XP level 1. HP: 13/13 MP: 1/1
   127 | D:1      | Reached XP level 2. HP: 18/18 MP: 2/2
   703 | D:1      | Reached skill level 4 in Unarmed Combat
   730 | D:1      | Reached XP level 3. HP: 23/23 MP: 3/3
   965 | D:2      | Noticed Robin
   973 | D:2      | Killed Robin
  1069 | D:2      | Reached XP level 4. HP: 28/28 MP: 4/4
  1768 | D:3      | Reached skill level 5 in Unarmed Combat
  2053 | D:3      | Reached XP level 5. HP: 19/33 MP: 5/5
  2291 | D:3      | Found a runed translucent door.
  2292 | D:3      | Noticed Crazy Yiuf
  2711 | D:4      | Gained mutation: You are vulnerable to cold. (rC-) [potion
                  | of mutation]
  2711 | D:4      | Gained mutation: You are weak. (Str -2) [potion of
                  | mutation]
  2711 | D:4      | Gained mutation: You passively dampen the noise of your
                  | surroundings. [potion of mutation]
  2909 | D:4      | Noticed Blork the orc
  2916 | D:4      | Killed from afar by Blork the orc

Illustrated notes

Levels and vault maps discovered:
D:1:      scummos_arrival_forest, layout_loops_ring, minmay_fountain_box,
          corner_web_ring
D:2:      layout_basic, uniq_robin
D:3:      layout_loops_ring, uniq_crazy_yiuf_cottage
D:4:      layout_gridville, st_stairs_14, uniq_blork_the_orc

Skill      XL: |  1  2  3  4  5 |
---------------+----------------+-----
Unarmed Combat | 4 5 |  5.0
Shapeshifting  | 4 |  4.7
Fighting       | |  1.0
Dodging        | |  2.0

Action                     |  1- 3 |  4- 6 || total
---------------------------+-------+-------++-------
  Melee: Unarmed           |    65 |    60 ||   125
         Constrict         |    16 |    16 ||    32
         Tentacles         |    10 |     9 ||    19
         Punch             |     1 |     2 ||     3
  Throw: Boomerang         |       |     1 ||     1
    Use: Potion            |       |     2 ||     2
   Stab: Sleeping          |     5 |     6 ||    11
 Armour: Skin              |    22 |    17 ||    39
  Dodge: Dodged            |    23 |    36 ||    59

Table legend: (Time is in decaauts)
 A = Elapsed time spent in this place.
 B = Non-inter-level travel time spent in this place.
 C = Inter-level travel time spent in this place.
 D = Time resting spent in this place.
 E = Time spent auto-exploring this place.
 F = Levels seen in this place.
 G = Mean time per level.
                   A        B        C        D        E       F      G
               +--------+--------+--------+--------+--------+-----+--------+
         Total |   2905 |   2832 |     73 |    217 |   1972 |   4 |  726.2 |
       Dungeon |   2905 |   2832 |     73 |    217 |   1972 |   4 |  726.2 |
               +--------+--------+--------+--------+--------+-----+--------+

Top non-repeatable levels by time:
     D:3: 923 daAuts
     D:1: 852 daAuts
     D:2: 833 daAuts
     D:4: 296 daAuts
